Unix NetHack Version 5.0.0-0 post-release - last build May 23 2026 06:08:33 (1c0ff79ee797540d5714e4e18072db0edd9e58ae,branch:main).

Game began 2026-05-25 12:56:05, ended 2026-05-25 12:59:25.

Atomicjoy, chaotic male elven Wizard

                                   ----..
                    oh             .@.....            G  h
                                   .G...G.-.----
                                    ...G.f...|.-
                                        ......<.
                                           .....

Atomicjoy the Evoker      St:7 Dx:12 Co:10 In:20 Wi:12 Ch:14  Chaotic
Dlvl:3  $:14 HP:5(11) Pw:7(7) AC:9  Xp:1 T:345 

Latest messages:
 You are caught in a bear trap.
 You hear the footsteps of a guard on patrol.
 You are caught in a bear trap.
 You are caught in a bear trap.
 You are caught in a bear trap.
 You are caught in a bear trap.
 You finally wriggle free.
 You try to move the boulder, but in vain.
 Your leg feels better.
 Are you waiting to get hit?  Use 'm' prefix to force a no-op (to rest).
 You swap places with your kitten.
 The kitten bites the lichen.
 The lichen is killed!
 You see here 5 gold pieces.
 $ - 5 gold pieces (14 in total).
 You swap places with your kitten.
 You hear some noises.
 You hear some noises in the distance.
 You hear someone counting gold coins.
 With great effort you move the boulder.
 You hear a monster behind the boulder.
 Perhaps that's why you cannot move it.
 The sewer rat bites!
 You swap places with your kitten.
 The kitten misses the sewer rat.
 You descend the stairs.
 The kitten bites the gnome lord.
 The gnome lord hits the kitten.
 You hear some noises.
 You hear some noises in the distance.
 You hear crashing rock.
 The gnome hits!
 Are you sure you want to pray? [yn] (n) y
 You begin praying to Anhur.
 You are surrounded by a shimmering light.
 The gnome starts to attack you, but pulls back.
 The gnome starts to attack you, but pulls back.
 You finish your prayer.
 You feel that Anhur is satisfied.
 Really quit without saving? [yn] (n) n
 What do you want to drink? [fgh or ?*] <enter>
 Never mind.
 What do you want to ready? [$ or ?*] y
 You don't have that object.
 What do you want to ready? [$ or ?*] <space>
 Never mind.
 What do you want to ready? [$ or ?*] <enter>
 Never mind.
 Really quit without saving? [yn] (n) y
 Do you want your possessions identified? [ynq] (y) q

Inventory:
 Coins    ('$')
  $ - 14 gold pieces
 Weapons  (')')
  a - a blessed +1 quarterstaff (weapon in hands)
 Armor    ('[')
  b - an uncursed +0 cloak of magic resistance (being worn)
 Comestibles  ('%')
  u - an uncursed cram ration
 Scrolls  ('?')
  k - an uncursed scroll of destroy armor
  t - an uncursed scroll of enchant weapon
  r - an uncursed scroll of food detection
  i - an uncursed scroll of identify
  q - an uncursed scroll of light
  j - an uncursed scroll of remove curse
 Spellbooks  ('+')
  l - a blessed spellbook of force bolt
  m - an uncursed spellbook of sleep
 Potions  ('!')
  h - an uncursed potion of healing
  g - an uncursed potion of levitation
  f - a blessed potion of speed
 Rings    ('=')
  e - an uncursed +1 ring of gain strength
  d - an uncursed +1 ring of increase accuracy
 Wands    ('/')
  c - a wand of create monster (0:11)
 Tools    ('(')
  p - an uncursed bugle
  o - an uncursed blindfold
  s - an uncursed lock pick
  n - a magic marker (0:19)
 Gems/Stones  ('*')
  v - a cursed worthless piece of blue glass

Atomicjoy the Wizard's attributes:

Background:
 You were an Evoker, a level 1 male elven Wizard.
 You were chaotic, on a mission for Anhur
 who was opposed by Ptah (lawful) and Thoth (neutral).
 You were right-handed.
 You were in the Gnomish Mines, on level 3.
 You entered the dungeon 345 turns ago.
 You had 0 experience points, 20 were needed to attain level 2.

Basics:
 You had 5 out of 11 hit points.
 You had all 7 energy points (spell power).
 Your armor class was 9.
 Your wallet contained 14 zorkmids.
 Autopickup was off.

Final Characteristics:
 Your strength was 7 (limit:18).
 Your dexterity was 12 (limit:18).
 Your constitution was 10 (limit:16).
 Your intelligence was 20 (limit:20).
 Your wisdom was 12 (limit:20).
 Your charisma was 14 (limit:18).

Final Status:
 You weren't hungry.
 You were unencumbered.
 You were wielding a quarterstaff.
 You had basic skill with quarterstaff.

Final Attributes:
 You were nominally aligned.
 You were magic-protected.
 You had infravision.
 You were warded.
 You survived.

Miscellaneous:
 You didn't encounter any bones levels.
 Total elapsed playing time was 3 minutes and 19 seconds.

Major events:
 Turn
    1: Atomicjoy the chaotic male elven Wizard entered the dungeon
  330: entered the Gnomish Mines
  345: quit

Spells:
 Name                 Level Category     Fail Retention
 force bolt             1   attack         0%  91%-100%
 sleep                  3   enchantment   15%  91%-100%

Skills:
 Fighting Skills
   bare handed combat [Unskilled]
   riding             [Unskilled]
 Weapon Skills
   dagger             [Unskilled]
   knife              [Unskilled]
   axe                [Unskilled]
   short sword        [Unskilled]
   club               [Unskilled]
   mace               [Unskilled]
   quarterstaff       [Basic]
   polearms           [Unskilled]
   spear              [Unskilled]
   trident            [Unskilled]
   sling              [Unskilled]
   dart               [Unskilled]
   shuriken           [Unskilled]
 Spellcasting Skills
   attack spells      [Basic]
   healing spells     [Unskilled]
   divination spells  [Unskilled]
   enchantment spells [Basic]
   clerical spells    [Unskilled]
   escape spells      [Unskilled]
   matter spells      [Unskilled]

Voluntary challenges:
 Character rerolling was not enabled.
 You went without food.
 You never hit with a wielded weapon.
 You were a pacifist.
 You were illiterate.
 You never genocided any monsters.
 You never polymorphed an object.
 You never changed form.
 You used no wishes.
Achievement:
 You entered the Gnomish Mines.

 The Dungeons of Doom: levels 1 to 2
    Level 1:
       A fountain.
    Level 2:
       Stairs down to The Gnomish Mines.
 The Gnomish Mines:
    Level 3: <- You were here.


Vanquished creatures:
  a gnome
  a jackal
  a goblin
  a grid bug
  a lichen
5 creatures vanquished.

No species were genocided or became extinct.

Goodbye Atomicjoy the Wizard...

You quit in The Gnomish Mines on dungeon level 3 with 114 points,
and 14 pieces of gold, after 345 moves.
You were level 1 with a maximum of 11 hit points when you quit.

